 Dungeon Crawl Stone Soup version 0.29.0-11-gd7f09526c8 (webtiles) character file.

Game seed: 5281056229382976224

4999 concernfroge the Spear-Bearer (level 10, -12/85 HPs)
             Began as a Mummy Monk on Sept 4, 2022.
             Was a Follower of Ru.
             Mangled by a two-headed ogre
             ... wielding a +0 giant club
              (16 damage)
             ... on level 9 of the Dungeon.
             The game lasted 00:33:41 (8179 turns).

concernfroge the Spear-Bearer (Mummy Monk)          Turns: 8179, Time: 00:33:41

Health: -12/85     AC: 14    Str: 18    XL:     10   Next: 29%
Magic:  10/10      EV: 11    Int: 11    God:    Ru [*.....]
Gold:   180        SH:  0    Dex: 14    Spells: 9/9 levels left

rFire   . . .      SeeInvis .   a - +2 trident (vamp)
rCold   + . .      Faith    .   (no shield)
rNeg    + + +      Spirit   .   i - +1 ring mail {rF+}
rPois   ∞          Reflect  .   c - +1 helmet
rElec   .          Harm     .   r - +1 cloak
rCorr   .          Rampage  .   d - +1 pair of gloves
Will    +....                   u - +1 pair of boots {Fly}
Stlth   +.........              j - amulet of regeneration
HPRegen 1.04/turn               (no ring)
MPRegen 0.12/turn               (no ring)

@: flying
A: cold resistance 1, negative energy resistance 3, torment resistance 2, heat
vulnerability 1, no hexes magic, no poison magic, no translocations magic, in
touch with death 1, no potions
a: Renounce Religion


You were on level 9 of the Dungeon.
You worshipped Ru.
Ru was aware of your devotion.
You visited 2 branches of the dungeon, and saw 10 of its levels.
You also visited: Ossuary.

You collected 483 gold pieces.
You spent 303 gold pieces at shops.

Inventory:

Hand Weapons
 a - a +2 vampiric trident (weapon)
 b - a +1 halberd of protection
Missiles
 m - 16 poisoned darts (quivered)
 q - an atropa-tipped dart
 w - 2 silver boomerangs
Armour
 c - a +1 helmet (worn)
 d - a +1 pair of gloves (worn)
 i - a +1 ring mail of fire resistance (worn)
 r - a +1 cloak (worn)
 u - a +1 pair of boots of flying (worn)
 z - the +8 chain mail of Beogh's Anger {Will++ MP+9 Str+3}
   (You found it on level 9 of the Dungeon)

   Str:       It affects your strength (+3).
   MP:        It affects your magic capacity (+9).
   Will:      It greatly increases your willpower.
Jewellery
 j - an amulet of regeneration (around neck)
 v - an amulet of Diploaz {Acrobat Int+7}
   (You found it on level 5 of the Dungeon)

   [amulet of the acrobat]

   It increases your evasion while moving and waiting.
   Int:       It affects your intelligence (+7).
 y - a +6 ring of intelligence
Wands
 k - a wand of iceblast (16)
 p - a wand of flame (26)
 s - a wand of paralysis (14)
 t - a wand of light (11)
Scrolls
 e - 5 scrolls of noise
 f - 7 scrolls of teleportation
 g - 2 scrolls of identify
 h - 2 scrolls of vulnerability
 n - 2 scrolls of fog
Miscellaneous
 x - a piece from Xom's chessboard (15/15)


   Skills:
 - Level 10.0 Fighting
 + Level 10.4 Polearms
 - Level 2.4 Dodging
 - Level 1.5 Stealth


You had 9 spell levels left.
You didn't know any spells.
Your spell library contained the following spells:

 Spells                   Type           Power      Damage    Failure   Level
 Sandblast                Erth           0%         2d4       54%         1
 Shock                    Conj/Air       0%         1d3       54%         1
 Passwall                 Tmut/Erth      0%         N/A       67%         2
 Ozocubu's Armour         Ice            0%         N/A       88%         3
 Stone Arrow              Conj/Erth      0%         3d7       88%         3
 Swiftness                Air            0%         N/A       88%         3
 Airstrike                Air            0%         2d(0-16)  99%         4
 Ozocubu's Refrigeration  Ice            0%         4d7       100%        7
 Sting                    Tmut/Pois      Unusable   1d3       N/A         1
 Poisonous Vapours        Pois/Air       Unusable   N/A       N/A         2
 Portal Projectile        Hex/Tloc       Unusable   N/A       N/A         3
 Tukima's Dance           Hex            Unusable   N/A       N/A         3
 Olgreb's Toxic Radiance  Pois           Unusable   N/A       N/A         4
 Blade Hands              Tmut           Unusable   N/A       N/A         5

Dungeon Overview and Level Annotations

Branches:
Dungeon (9/15)             Temple (1/1) D:6         Ossuary (visited)
   Lair: D:8-11         Orc: D:9-12

Altars:
Ashenzari
Cheibriados
Dithmenos
Fedhas
Hepliaklqana
Kikubaaqudgha
Makhleb
Okawaru
Qazlal
Ru
Sif Muna
Trog
Uskayaw
Vehumet
Wu Jian
Xom
Yredelemnul

Shops:
D:3 (   D:4 !   D:5 ?

Annotations:
D:5 1 runed translucent door, freelancePsychic's ghost, novice BaCK
D:7 2 transporters, exclusion: downstairs, shobalk's ghost, novice MfIE


Innate Abilities, Weirdness & Mutations

You are immune to poison.
Your flesh is cold resistant. (rC+)
You are immune to negative energy. (rN+++)
You are immune to unholy pain and torment.
You are vulnerable to heat. (rF-)
You cannot study or cast Hexes magic.
You cannot study or cast Poison magic.
You cannot study or cast Translocations magic.
You are in touch with the powers of death.
You do not drink.


Message History

You barely miss the two-headed ogre.
The two-headed ogre is severely wounded.
You hit the two-headed ogre.
The two-headed ogre is severely wounded.
The two-headed ogre hits you with a +0 giant club!! x2
* * * LOW HITPOINT WARNING * * *
You are too injured to fight recklessly!
Throw: boomerang (disperse)
Press: ? - help, Q - select action, (/) - cycle Shift-Dir - straight line, f/p - two-headed ogre
Aim: a two-headed ogre, wielding two +0 giant clubs (severely wounded, poisoned, 77% to hit)
You throw a boomerang of dispersal.
The boomerang of dispersal completely misses the two-headed ogre.
The two-headed ogre hits you with a +0 giant club!!
* * * LOW HITPOINT WARNING * * *
The two-headed ogre closely misses you.
Okay, then.
Aiming: Paralyse
Press: ? - help, Shift-Dir - straight line, f/p - two-headed ogre
Aim: a two-headed ogre, wielding two +0 giant clubs (severely wounded, poisoned, chance to affect: 31%)
Okay, then.
Aiming: Bolt of Light
Press: ? - help, Shift-Dir - straight line, f/p - two-headed ogre
Aim: a two-headed ogre, wielding two +0 giant clubs (severely wounded, poisoned, 86% to hit)
The bolt of light hits the two-headed ogre!
The two-headed ogre is almost dead.
The two-headed ogre is blinded.
You hear a howl!
The two-headed ogre looks more healthy.
The two-headed ogre hits you with a +0 giant club.
* * * LOW HITPOINT WARNING * * *
The two-headed ogre barely misses you.
You barely miss the two-headed ogre.
The two-headed ogre is almost dead.
A water moccasin comes into view.
The water moccasin hisses angrily.
You hit the two-headed ogre but do no damage.
The two-headed ogre is almost dead.
The two-headed ogre barely misses you.
The two-headed ogre hits you with a +0 giant club!
You die... (... .... #......# .... #......# $S(

#......# #.( #......#
#..#########.....[#
#..O..............#
#...@.............###
#....................
#..........#'###.....
#..........#...#.....
#..........#...#.....
#..........#...#.....
............#####.....
......................
....###########.......


You could see a two-headed ogre (blind) and a water moccasin.

Vanquished Creatures
  A boulder beetle (D:6)
  Maurice (D:8)
  Prince Ribbit (D:7)
  2 steam dragons
  An acid dragon (D:8)
  Edmund (D:4)
  A water moccasin (D:4)
  A sky beast (D:7)
  4 black bears
  An ogre (D:7)
  2 phantoms
  2 kobold brigands
  Blork the orc (D:4)
  A necrophage (D:7)
  A bullfrog (D:6)
  2 gnoll sergeants (D:7)
  A scorpion (D:5)
  5 wights (D:7)
  14 killer bees
  2 howler monkeys
  5 centaur zombies (Ossuary)
  2 orc priests
  6 hounds
  A human zombie (Ossuary)
  4 jellies
  6 orc wizards
  3 hound zombies (Ossuary)
  3 mummies (Ossuary)
  10 gnolls
  8 adders
  3 white imps
  An ufetubus (D:5)
  6 adder zombies (Ossuary)
  3 worms
  4 dart slugs
  25 orcs
  10 endoplasms
  3 giant cockroaches
  A gnoll zombie (Ossuary)
  10 goblins
  6 hobgoblins
  4 jackals (D:1)
  2 quokkas
  6 ball pythons
  8 bats
  4 frilled lizards
  A goblin zombie (Ossuary)
  4 hobgoblin zombies (Ossuary)
  A jackal zombie (Ossuary)
  12 kobolds
  5 kobold zombies (Ossuary)
  3 quokka zombies (Ossuary)
  11 rats
  3 rat zombies (Ossuary)
229 creatures vanquished.

Vanquished Creatures (collateral kills)
  An ogre (D:6)
1 creature vanquished.

Vanquished Creatures (others)
  2 orcs (D:8)
  A plant (D:2)
3 creatures vanquished.

Grand Total: 233 creatures vanquished

Notes
Turn   | Place    | Note
-------+----------+-------------------------------------------
     0 | D:1      | concernfroge the Mummy Monk began the quest for the Orb.
     0 | D:1      | Reached XP level 1. HP: 18/18 MP: 1/1
   248 | D:1      | Reached XP level 2. HP: 21/25 MP: 2/2
   307 | D:1      | Found a faded altar of an unknown god.
   901 | D:1      | Gained mutation: You are in touch with the powers of death.
                  | [Mummy growth]
   901 | D:1      | Reached XP level 3. HP: 26/30 MP: 3/3
  1677 | D:2      | Reached XP level 4. HP: 30/38 MP: 4/4
  1755 | D:2      | Reached skill level 5 in Fighting
  2019 | D:3      | Found Hagasukh's Antique Weapon Shop.
  2028 | D:3      | Bought a war axe for 101 gold pieces
  2463 | D:3      | Reached XP level 5. HP: 43/46 MP: 5/5
  2686 | D:4      | Noticed Edmund
  2693 | D:4      | Noticed a water moccasin
  2707 | D:4      | Killed a water moccasin
  2708 | D:4      | Reached XP level 6. HP: 33/53 MP: 6/6
  3036 | D:4      | Killed Edmund
  3037 | D:4      | Reached XP level 7. HP: 45/63 MP: 7/7
  3459 | D:4      | Found Ypoinugi's Distillery.
  3459 | D:4      | Noticed Blork the orc
  3487 | D:4      | Killed Blork the orc
  3856 | D:5      | Entered Level 5 of the Dungeon
  3949 | D:5      | Found Imumiki's Magic Scroll Shop.
  3958 | D:5      | Bought a scroll of identify for 30 gold pieces
  3958 | D:5      | Bought a scroll of identify for 30 gold pieces
  4071 | D:5      | Found a runed translucent door.
  4096 | D:5      | Identified an amulet of Diploaz {Acrobat Int+7}
  4183 | D:5      | Found a bloodstained altar of Trog.
  4314 | D:5      | Noticed freelancePsychic's ghost (novice BaCK)
  4395 | D:5      | Reached XP level 8. HP: 49/72 MP: 8/8
  4508 | D:6      | Reached skill level 10 in Fighting
  4626 | D:6      | Noticed a boulder beetle
  4627 | D:6      | Found a basalt altar of Yredelemnul.
  4635 | D:6      | Killed a boulder beetle
  4649 | D:6      | Reached XP level 9. HP: 56/78 MP: 9/9
  4705 | D:6      | Found a staircase to the Ecumenical Temple.
  4717 | Temple   | Entered the Ecumenical Temple
  4807 | D:6      | Found a sand-covered staircase.
  4816 | Ossuary  | Entered an ossuary
  5455 | D:5      | Bought a scroll of brand weapon for 142 gold pieces
  5607 | D:7      | Found a shimmering blue altar of Sif Muna.
  5652 | D:7      | Noticed Prince Ribbit
  5670 | D:7      | Killed Prince Ribbit
  5728 | D:7      | Found a broken altar of Ashenzari.
  6021 | D:7      | Found an ancient bone altar of Kikubaaqudgha.
  6265 | D:7      | Found a transporter.
  6268 | D:7      | Noticed shobalk's ghost (novice MfIE)
  6268 | D:7      | Identified the +2 dire flail "Huronlol" {speed, rCorr Str-5
                  | Dex+6}
  6268 | D:7      | Noticed a two-headed ogre
  6276 | D:7      | Found a transporter.
  6956 | D:8      | Found a shimmering altar of Xom.
  7046 | D:8      | Found a sacrificial altar of Ru.
  7063 | D:8      | Found an ornate altar of the Wu Jian Council.
  7082 | D:8      | Became a worshipper of Ru the Awakened
  7084 | D:8      | Gained mutation: You cannot study or cast Poison magic. [Ru
                  | sacrifice]
  7084 | D:8      | Gained mutation: You cannot study or cast Hexes magic. [Ru
                  | sacrifice]
  7084 | D:8      | Gained mutation: You cannot study or cast Translocations
                  | magic. [Ru sacrifice]
  7084 | D:8      | Reached * piety under Ru
  7107 | D:8      | Noticed Maurice
  7389 | D:8      | Reached XP level 10. HP: 85/85 MP: 10/10
  7417 | D:8      | Killed Maurice
  7536 | D:8      | Reached skill level 10 in Polearms
  7782 | D:8      | Found an iron altar of Okawaru.
  7847 | D:8      | Found a shadowy altar of Dithmenos.
  7939 | D:9      | Identified the +8 chain mail of Beogh's Anger {Will++ MP+9
                  | Str+3}
  8154 | D:9      | Noticed a two-headed ogre
  8176 | D:9      | HP: 4/85 [two-headed ogre/+0 giant club (21)]
  8179 | D:9      | Mangled by a two-headed ogre

Illustrated notes

Levels and vault maps discovered:
D:1:      lightli_arrival_chessboard, layout_basic, basic_ecumenical_altar,
          chequers_serial_rivers_small_a, minmay_door_square
D:2:      layout_rooms, serial_forest, infiniplex_forest_end_double,
          infiniplex_forest_straight_2, infiniplex_forest_clump_C,
          infiniplex_forest_lined_ring, infiniplex_forest_straight_2,
          infiniplex_forest_lined_2, infiniplex_forest_clump_double,
          minmay_pentomino_pile
D:3:      layout_basic, serial_shops, nicolae_shop_statue_plus
D:4:      layout_loops_cross, kennysheep_windowed_goal, uniq_blork_the_orc,
          uniq_edmund
D:5:      layout_rooms, lemuel_crystal_altar, ebering_ghost_sewer_d,
          serial_shops, shop, minmay_misc_feat_pillars
D:6:      layout_rooms, mainiacjoe_overflow_boulevard,
          minmay_temple_entry_offerings, chequers_ossuary_entry_cave
D:7:      layout_gridville, mainiacjoe_overflow_catwalk, amcnicky_altar_gilded,
          mainiacjoe_overflow_surrounded_room, gammafunk_ghost_smash,
          serial_co_window_serial, co_window_corner_a, co_window_cross_1,
          co_window_paths_b, co_window_paths_a, co_window_paths_b,
          co_window_corner_a, co_window_paths_a, co_window_broadway_c,
          co_window_broadway_a, co_window_corner_ca, co_window_cross_2,
          co_window_of_opportunity_b, glass_columns_b, glass_columns_a,
          glass_columns_a, glass_columns_a, uniq_prince_ribbit1
D:8:      layout_cave_pools, grunt_dithmenos_shadows,
          grunt_temple_overflow_open, old_standard_altar, xom_butterflies,
          uniq_maurice
D:9:      layout_irregular_city, grunt_temple_overflow_opulence
Temple:   hellmonk_temple_rainy

Skill      XL: |  1  2  3  4  5  6  7  8  9 10 |
---------------+-------------------------------+-----
Fighting       | 4 5 6 8 9 10 | 10.0
Polearms       | 6 9 10 | 10.4
Dodging        | |  2.4
Stealth        | |  1.5

Action                   |  1- 3 |  4- 6 |  7- 9 | 10-12 || total
-------------------------+-------+-------+-------+-------++-------
Melee: Spear             |   206 |    35 |       |       ||   241
       War axe           |       |   140 |   109 |       ||   249
       Punch             |       |     2 |     8 |     3 ||    13
       Trident           |       |       |   394 |   149 ||   543
       Halberd           |       |       |     3 |    12 ||    15
Throw: Dart              |       |    11 |    41 |     3 ||    55
       Throwing net      |       |     1 |     2 |     1 ||     4
       Boomerang         |       |       |     1 |     2 ||     3
Invok: Sacrifice Arcana  |       |       |     1 |       ||     1
Evoke: Wand              |       |     2 |       |     2 ||     4
  Use: Scroll            |       |     7 |    14 |     2 ||    23
 Stab: Sleeping          |     5 |       |       |       ||     5
       Held in net/web   |       |       |       |     1 ||     1
Armor: Robe              |    26 |       |       |       ||    26
       Ring mail         |    27 |    97 |   119 |    92 ||   335
       Chain mail        |       |       |   317 |       ||   317
Dodge: Dodged            |   122 |   130 |   289 |   101 ||   642
